 Dungeon Crawl Stone Soup version 0.30-a0-368-g86fb4627a9 (webtiles) character file.

Game seed: 10208026316276153229

23 ryw the Trooper (level 2, -12/24 HPs)
             Began as a Demonspawn Fighter on Nov 19, 2022.
             Mangled by an ogre
             ... wielding a +0 giant club
              (20 damage)
             ... on level 3 of the Dungeon.
             The game lasted 00:02:54 (1587 turns).

ryw the Trooper (Demonspawn Fighter)                Turns: 1587, Time: 00:02:55

Health: -12/24     AC:  7    Str: 16    XL:     2   Next: 75%
Magic:  2/2        EV:  8    Int:  9    God:
Gold:   103        SH:  8    Dex: 12    Spells: 1/1 levels left

rFire   . . .      SeeInvis .    p - +0 scimitar
rCold   . . .      Faith    .    b - +0 buckler
rNeg    . . .      Spirit   .    a - +0 scale mail
rPois   +          Reflect  .    o - +0 helmet
rElec   .          Harm     .    (no cloak)
rCorr   .          Rampage  .    (no gloves)
Will    .....                    (no boots)
Stlth   ..........               (no amulet)
HPRegen 0.24/turn                t - ring of poison resistance
MPRegen 0.08/turn                (no ring)

@: no status effects
A: condensation shield
a: no special abilities


You were on level 3 of the Dungeon.
You visited 1 branch of the dungeon, and saw 3 of its levels.

You collected 103 gold pieces.

Inventory:

Hand Weapons
 k - a +0 battleaxe
 p - a +0 scimitar (weapon)
Missiles
 f - 6 silver javelins (quivered)
Armour
 a - a +0 scale mail (worn)
 b - a +0 buckler (worn)
 m - a +0 plate armour
 o - a +0 helmet (worn)
Jewellery
 t - a ring of poison resistance (left hand)
Scrolls
 d - a scroll of fear {unknown}
 e - 2 scrolls of enchant weapon {unknown}
 g - a scroll of poison {unknown}
 h - a scroll of fog {unknown}
 i - 3 scrolls of identify {unknown}
 n - a scroll of summoning {unknown}
 q - a scroll of amnesia {unknown}
Potions
 c - 2 potions of might
 l - 2 potions of heal wounds {unknown}
 s - a potion of curing {unknown}
 u - a potion of lignification {unknown}


   Skills:
 + Level 3.4 Fighting
 + Level 3.1 Armour
 - Level 2.6 Shields
 - Level 2.0 Unarmed Combat


You had one spell level left.
You didn't know any spells.
Your spell library contained the following spells:

 Spells                   Type           Power      Damage    Failure   Level
 Static Discharge         Conj/Air       0%         2-2/arc   96%         2
 Vhi's Electric Charge    Tloc/Air       0%         N/A       99%         3
 Arcjolt                  Conj/Air       0%         1d10      100%        5
 Lightning Bolt           Conj/Air       0%         1d11      100%        5


Dungeon Overview and Level Annotations

Branches:
Dungeon (3/15)

Altars:


Innate Abilities, Weirdness & Mutations

A meltable shield of frost defends you. (SH +4)


Message History

t - a ring of poison resistance
u - a glowing purple potion
t - a ring of poison resistance (left hand)
You drop a ring of ice. x2
You enter the shallow water.
Moving in this stuff is going to be slow.
You see here a staff of conjuration.
There is an escape hatch in the ceiling here.
There is a stone staircase leading down here.
You open the door.
There is an open door here.
You see here a +0 club.
You enter the shallow water.
Moving in this stuff is going to be slow.
You enter the shallow water.
Moving in this stuff is going to be slow.
You enter the shallow water.
Moving in this stuff is going to be slow.
Key pressed, stopping explore.
You see here a +0 robe.
Partly explored, can't reach some places.
Partly explored, can't reach some places.
You enter the shallow water.
Moving in this stuff is going to be slow.
There is an open door here.
There is a stone staircase leading down here.
You climb downwards.
There is a stone staircase leading up here.
Unknown command.
An ogre comes into view. It is wielding a +0 giant club.
The ogre shouts!
The ogre hits you with a +0 giant club!
Ouch! That really hurt!
You slash the ogre!
The ogre is heavily wounded.
You slash the ogre!
The ogre is almost dead.
The ogre hits you with a +0 giant club!!
Ouch! That really hurt!
You die...

## .#
#######.######
#.............
#.####.#######
#<#.O@...#
###.##.#.# ..
#.#.# ## #.# #
..# ###


You could see an ogre.

Vanquished Creatures
  2 ball pythons (D:2)
  A bat (D:2)
  4 endoplasms
  A giant cockroach (D:2)
  A goblin (D:2)
  A hobgoblin (D:2)
  3 quokkas
  3 kobolds
  4 rats
20 creatures vanquished.

Notes
Turn   | Place    | Note
-------+----------+-------------------------------------------
     0 | D:1      | ryw the Demonspawn Fighter began the quest for the Orb.
     0 | D:1      | Reached XP level 1. HP: 18/18 MP: 1/1
   374 | D:1      | Gained mutation: A meltable shield of frost defends you.
                  | (SH +4) [demonic ancestry]
   374 | D:1      | Reached XP level 2. HP: 22/24 MP: 2/2
   534 | D:2      | Found a faded altar of an unknown god.
  1584 | D:3      | Noticed an ogre
  1587 | D:3      | Mangled by an ogre

Illustrated notes

Levels and vault maps discovered:
D:1:      lightli_arrival_isolated_outpost, layout_rooms
D:2:      layout_basic, ebering_ecumenical_altar_sacrificial, solitary_fountain,
          minmay_misc_feat_cross, chequers_big_river,
          corexii_hall_statues_deadend
D:3:      layout_basic, kennysheep_generic_room_7

Skill      XL: |  1  2 |
---------------+-------+-----
Unarmed Combat | 2 |  2.0
Armour         | 3 |  3.1
Fighting       | |  3.4
Shields        | |  2.6

Action                   || total
-------------------------++-------
Melee: Unarmed           ||    68
       Scimitar          ||    14
Armor: Scale mail        ||    25
Dodge: Dodged            ||    29
Block: Buckler           ||    20

Table legend: (Time is in decaauts)
 A = Elapsed time spent in this place.
 B = Non-inter-level travel time spent in this place.
 C = Inter-level travel time spent in this place.
 D = Time resting spent in this place.
 E = Time spent auto-exploring this place.
 F = Levels seen in this place.
 G = Mean time per level.
                   A        B        C        D        E       F      G
               +--------+--------+--------+--------+--------+-----+--------+
         Total |   1606 |   1523 |     83 |      0 |   1284 |   3 |  535.3 |
       Dungeon |   1606 |   1523 |     83 |      0 |   1284 |   3 |  535.3 |
               +--------+--------+--------+--------+--------+-----+--------+

Top non-repeatable levels by time:
     D:2: 1103 daAuts
     D:1: 492 daAuts
     D:3: 11 daAuts
